 Dungeon Crawl Stone Soup version 0.31-a0-1308-ga3cce3a448 (webtiles) character file.

Game seed: 7398251093394130666

46 bmb222 the Sneak (level 3, -1/30 HPs)
             Began as a Formicid Delver on Dec 20, 2023.
             Slain by a bullfrog zombie (3 damage)
             ... in an ossuary.
             The game lasted 00:00:43 (226 turns).

bmb222 the Sneak (Formicid Delver)                   Turns: 226, Time: 00:00:44

Health: -1/30      AC:  3    Str: 18    XL:     3   Next: 95%
Magic:  3/3        EV: 12    Int:  9    God:
Gold:   0          SH:  0    Dex: 15    Spells: 2/2 levels left

rFire   . . .        a - +0 hand axe
rCold   . . .        (no shield)
rNeg    . . .        b - +0 leather armour
rPois   .            (helmet unavailable)
rElec   .            (no cloak)
rCorr   .            (no gloves)
SInv    +            (no boots)
Will    .....        (no amulet)
Stlth   +++          (no ring)
HPRegen 0.25/turn    (no ring)
MPRegen 0.08/turn

%: no passive effects
@: no status effects
A: permanent stasis, dig shafts and tunnels, antennae 3, four strong arms
a: Dig


You were in an ossuary.
You visited 1 branch of the dungeon, and saw 2 of its levels.
You also visited: Ossuary.

Inventory:

Hand Weapons
 a - a +0 hand axe (weapon)
Armour
 b - a +0 leather armour (worn)
Wands
 f - a wand of digging (3)
Scrolls
 c - a scroll of fog
 d - a scroll of revelation
 e - a scroll of fear


   Skills:
 + Level 3.9 Fighting
 + Level 2.7 Axes
 + Level 2.4 Dodging
 - Level 6.0 Stealth


You had 2 spell levels left.
You didn't know any spells.
Your spell library was empty.

Dungeon Overview and Level Annotations

Branches:
Dungeon (5/15)            Ossuary (1/1)
 Temple: D:4-7

Altars:


Innate Abilities, Weirdness & Mutations

You cannot be hasted, slowed, berserked, paralysed or teleported.
You can dig through walls and to a lower floor.
You have a pair of large antennae on your head. (SInv)
Your four strong arms can wield two-handed weapons with a shield.


Message History

The centaur zombie is severely damaged.
The centaur zombie closely misses you. The centaur zombie kicks you.
* * * LOW HITPOINT WARNING * * *
The centaur zombie completely misses you.
The centaur zombie barely misses you.
You hit the centaur zombie but do no damage.
The centaur zombie is severely damaged.
The centaur zombie misses you. x2
Unknown command.
You slash the centaur zombie!
The centaur zombie is almost destroyed.
The centaur zombie misses you. The centaur zombie closely misses you.
The centaur zombie hits you but does no damage.
The centaur zombie misses you.
Unknown command.
You hit the centaur zombie.
You destroy the centaur zombie!
The bullfrog zombie hits you.
* * * LOW HITPOINT WARNING * * *
You have reached level 3!
Your experience leads to an increase in your attributes!
Increase (S)trength, (I)ntelligence, or (D)exterity?
You feel stronger. x2
You hit the bullfrog zombie.
The bullfrog zombie is lightly damaged.
The bullfrog zombie barely misses you.
You slash the bullfrog zombie!
The bullfrog zombie is moderately damaged.
The bullfrog zombie hits you.
* * * LOW HITPOINT WARNING * * *
The bullfrog zombie hits you.
* * * LOW HITPOINT WARNING * * *
You closely miss the bullfrog zombie.
The bullfrog zombie is moderately damaged.
The bullfrog zombie hits you.
* * * LOW HITPOINT WARNING * * *
You hit the bullfrog zombie.
The bullfrog zombie is heavily damaged.
The bullfrog zombie barely misses you. The bullfrog zombie hits you.
You die...

#~# {
{#.+{ { {
'.# #{+{
###.## {
{{.'
#####.###
{
#∩.@#.'.#
{
#.∩.Z.###
{
#...#.'.#
#####.###
..+{ #+#
{ {


You could see a bullfrog zombie.

Vanquished Creatures
  A centaur zombie (Ossuary)
  A mummy (Ossuary)
2 creatures vanquished.

Notes
Turn   | Place    | Note
-------+----------+-------------------------------------------
     0 | D:5      | bmb222 the Formicid Delver began the quest for the Orb.
     0 | D:5      | Reached XP level 1. HP: 18/18 MP: 1/1
     4 | D:5      | Noticed an iguana
    11 | D:4      | Noticed an ogre
    19 | D:4      | Found a sand-covered staircase.
    29 | Ossuary  | Entered an ossuary
    39 | Ossuary  | Reached XP level 2. HP: 4/24 MP: 2/2
   223 | Ossuary  | Reached XP level 3. HP: 8/30 MP: 3/3
   226 | Ossuary  | Slain by a bullfrog zombie

Illustrated notes

Levels and vault maps discovered:
D:4:      layout_loops_ring, gammafunk_temple_of_torment, lemuel_crystal_altar,
          minmay_overflow_temple_hex, mainiacjoe_ossuary_entry_dusty_tomb,
          hangedman_abyss_or_decor_stabs, uniq_natasha, uniq_duvessa,
          uniq_grinder, uniq_ijyb
D:5:      layout_rooms, demons_altar, eat_drink_and_be_merry_uskayaw
Ossuary:  ossuary_zaba_flooded

Skill      XL: |  1 |
---------------+----+-----
Dodging        | 2 |  2.4
Fighting       | |  3.9
Axes           | |  2.7
Stealth        | |  6.0

Action                     || total
---------------------------++-------
  Melee: Hand axe          ||    19
 Armour: Leather armour    ||    25
  Dodge: Dodged            ||    19

Table legend: (Time is in decaauts)
 A = Elapsed time spent in this place.
 B = Non-inter-level travel time spent in this place.
 C = Inter-level travel time spent in this place.
 D = Time resting spent in this place.
 E = Time spent auto-exploring this place.
 F = Levels seen in this place.
 G = Mean time per level.
                   A        B        C        D        E       F      G
               +--------+--------+--------+--------+--------+-----+--------+
         Total |    228 |    228 |      0 |    154 |      4 |   3 |   76.0 |
       Dungeon |     28 |     28 |      0 |      0 |      4 |   2 |   14.0 |
       Ossuary |    200 |    200 |      0 |    154 |      0 |   1 |  200.0 |
               +--------+--------+--------+--------+--------+-----+--------+

Top non-repeatable levels by time:
 Ossuary: 200 daAuts
     D:4: 17 daAuts
     D:5: 11 daAuts
